 Dungeon Crawl Stone Soup version 0.21.1-1-g345015fe64 (webtiles) character file.

6783 Oravi the Slicer (level 11, 0/64 HPs)
             Began as a Halfling Hunter on Apr 13, 2018.
             Was an Elder of Okawaru.
             Slain by a two-headed ogre
             ... wielding a +0 dire flail
              (14 damage)
             ... on level 9 of the Dungeon.
             The game lasted 00:52:54 (11555 turns).

Oravi the Slicer (Halfling Hunter)                 Turns: 11555, Time: 00:52:54

Health: 0/64       AC:  7    Str: 13    XL:     11   Next: 25%
Magic:  0/11       EV: 21    Int:  9    God:    Okawaru [****..]
Gold:   292        SH:  0    Dex: 19    Spells: 10/10 levels left

rFire    . . .     SeeInvis .   b - +0 short sword
rCold    . . .     Gourm    .   (shield restricted)
rNeg     . . .     Faith    .   c - +0 leather armour
rPois    +         Spirit   +   (no helmet)
rElec    .         Reflect  .   h - +0 cloak
rCorr    .         Harm     .   (no gloves)
MR       .....                  t - +1 pair of boots
Stlth    ++........             i - amulet of guardian spirit
HPRegen  0.20/turn              v - ring of poison resistance
MPRegen  0.12/turn              (no ring)

@: no status effects
A: small, mutation resistance 1
a: Heroism, Renounce Religion


You were on level 9 of the Dungeon.
You worshipped Okawaru.
Okawaru was greatly pleased with you.
You were not hungry.

You visited 2 branches of the dungeon, and saw 10 of its levels.
You also visited: Sewer.

You collected 292 gold pieces.

Inventory:

Hand Weapons
 a - a +2 hunting sling
 b - a +0 short sword (weapon)
 j - a +1 dagger of speed
 x - a +1 rapier of holy wrath
 I - a +3 dagger
Missiles
 d - 67 sling bullets
 k - 165 stones (quivered)
Armour
 c - a +0 leather armour (worn)
 h - a +0 cloak (worn)
 t - a +1 pair of boots (worn)
 D - a +0 ring mail of cold resistance
Jewellery
 i - an amulet of guardian spirit (around neck)
 v - a ring of poison resistance (left hand)
Wands
 m - a wand of disintegration (10)
 o - a wand of acid (10)
 p - a wand of paralysis (10)
 q - a wand of iceblast (12)
 u - a wand of flame (30)
 H - a wand of random effects (36)
 K - a wand of polymorph (11)
Scrolls
 r - 2 scrolls of teleportation
 s - 2 scrolls of fear
 A - 4 scrolls of fog
 B - 2 scrolls of blinking
 C - a scroll of enchant armour
 G - a scroll of magic mapping
 J - 3 scrolls of identify
 L - a scroll of remove curse
Potions
 e - 2 potions of magic
 g - 4 potions of curing
 l - a potion of heal wounds
 n - a potion of flight
 w - 3 potions of resistance {unknown}
 z - a potion of ambrosia {unknown}
 F - a potion of degeneration {unknown}
 M - a potion of invisibility {unknown}
 N - a potion of agility {unknown}
Comestibles
 f - 13 rations


   Skills:
 + Level 1.8 Fighting
 * Level 12.2 Short Blades
 + Level 12.0 Slings
 * Level 7.6 Armour
 * Level 8.4 Dodging
 - Level 1.1 Stealth


You had 10 spell levels left.
You didn't know any spells.

Dungeon Overview and Level Annotations

Branches:
Dungeon (9/15)             Temple (1/1) D:5            Lair (0/6) D:9
    Orc: D:9-12

Altars:
Ashenzari
Cheibriados
Dithmenos
Elyvilon
Fedhas
Gozag
Hepliaklqana
Kikubaaqudgha
Makhleb
Nemelex Xobeh
Okawaru
Qazlal
Ru
Trog
Uskayaw
Vehumet
Wu Jian
Xom
Yredelemnul
Zin
The Shining One

Shops:
D:4 }

Annotations:
D:4 1 runed door


Innate Abilities, Weirdness & Mutations

You are small and have problems with some larger weapons.
You are somewhat resistant to further mutation.


Message History

You barely miss the two-headed ogre.
The two-headed ogre is almost dead.
You hit the two-headed ogre.
The two-headed ogre is almost dead.
The two-headed ogre barely misses you.
The two-headed ogre hits you with a giant club!!
You are too injured to fight recklessly!
You are too injured to fight recklessly!
You are too injured to fight recklessly!
You are too injured to fight recklessly!
You are too injured to fight recklessly!
You are too injured to fight recklessly!
You barely miss the two-headed ogre.
The two-headed ogre is almost dead.
You barely miss the two-headed ogre.
The two-headed ogre is almost dead.
The two-headed ogre hits you with a dire flail!
* * * LOW HITPOINT WARNING * * *
The two-headed ogre hits you with a giant club!
You die...

(.[..............()..............
................(...##..P........
...####....≈....(.(.###.........#
### ##......≈≈..[.#..####.....###
..........≈.....#.## ......
#............((y.#.. .....
#............##o##..# ....
....###.......##O##..# ....
##########@##... ... ####... .. .


You could see a two-headed ogre, a killer bee and an orc.

Vanquished Creatures
  A two-headed ogre (D:8)
  Erica (D:8)
  Joseph (D:7)
  A troll (D:7)
  A hippogriff (D:8)
  A hungry ghost (D:7)
  Menkaure (D:7)
  2 wargs (D:9)
  A water moccasin (D:8)
  3 orc warriors
  Purgy (Sewer)
  4 ice beasts
  A sky beast (D:5)
  A black bear (D:7)
  4 ogres
  A centaur (D:6)
  Blork the orc (D:5)
  6 bullfrogs
  A water moccasin skeleton (D:6)
  6 killer bees
  7 scorpions
  3 wights (D:6)
  2 howler monkeys
  9 crimson imps
  2 jellies
  2 centaur zombies
  3 hounds
  10 orc wizards
  11 orc priests
  An iguana (D:7)
  Ijyb (D:4)
  Natasha (thrice) (D:2)
  3 worker ants (D:5)
  A hound zombie (D:8)
  2 worker ant zombies
  12 adders
  A shadow imp (D:5)
  An adder skeleton (D:5)
  3 worms
  4 dart slugs (D:1)
  5 leopard geckos
  40 orcs
  10 bats
  10 giant cockroaches
  9 hobgoblins
  8 jackals
  10 kobolds
  2 quokkas
  4 ball pythons
  7 frilled lizards
  4 goblins
  A leopard gecko zombie (D:5)
  A quokka skeleton (D:7)
  2 quokka zombies
  15 rats
248 creatures vanquished.

Notes
Turn   | Place    | Note
-------+----------+-------------------------------------------
     0 | D:1      | Oravi the Halfling Hunter began the quest for the Orb.
     0 | D:1      | Reached XP level 1. HP: 14/14 MP: 1/1
   114 | D:1      | Reached XP level 2. HP: 19/19 MP: 2/2
   287 | D:1      | Reached XP level 3. HP: 22/24 MP: 3/3
   343 | D:1      | Reached skill level 1 in Short Blades
   752 | D:1      | You fall through a shaft!
   917 | D:2      | Reached XP level 4. HP: 27/29 MP: 4/4
   963 | D:2      | Found a stormy altar of Qazlal.
   991 | D:2      | Noticed Natasha
  1001 | D:2      | Killed Natasha
  1210 | D:2      | Noticed Natasha
  1212 | D:2      | Killed Natasha
  1212 | D:2      | Reached XP level 5. HP: 27/34 MP: 5/5
  1472 | D:2      | Noticed Natasha
  1480 | D:2      | Killed Natasha
  1575 | D:3      | Reached XP level 6. HP: 31/39 MP: 3/6
  2724 | D:4      | Found Zenuin's Gadget Emporium.
  2743 | D:4      | Noticed Ijyb
  2760 | D:4      | Killed Ijyb
  2760 | D:4      | Reached skill level 1 in Armour
  2927 | D:4      | Reached skill level 10 in Slings
  2927 | D:4      | Reached XP level 7. HP: 44/44 MP: 7/7
  2941 | D:4      | Found a glowing drain.
  2988 | Sewer    | Entered a sewer
  3068 | Sewer    | Noticed Purgy
  3087 | Sewer    | Killed Purgy
  3260 | D:4      | Found a runed door.
  3532 | D:4      | Found a hazy altar of Hepliaklqana.
  3879 | D:5      | Entered Level 5 of the Dungeon
  3966 | D:5      | Reached XP level 8. HP: 46/49 MP: 8/8
  4114 | D:5      | Found a stormy altar of Qazlal.
  4114 | D:5      | Found a sparkling altar of Nemelex Xobeh.
  4171 | D:5      | Found a staircase to the Ecumenical Temple.
  4209 | D:5      | Noticed Blork the orc
  4226 | Temple   | Entered the Ecumenical Temple
  4236 | Temple   | Reached skill level 5 in Short Blades
  4503 | Temple   | Became a worshipper of Warmaster Okawaru
  4844 | D:5      | Killed Blork the orc
  5008 | D:5      | Reached XP level 9. HP: 49/54 MP: 7/9
  5899 | D:6      | Reached * piety under Okawaru
  5916 | D:6      | Reached skill level 5 in Dodging
  7035 | D:6      | Found an ancient bone altar of Kikubaaqudgha.
  7221 | D:7      | Reached skill level 5 in Armour
  7369 | D:7      | Noticed Menkaure
  7382 | D:7      | Killed Menkaure
  7765 | D:7      | Reached ** piety under Okawaru
  7937 | D:7      | Reached XP level 10. HP: 24/60 MP: 4/10
  8130 | D:7      | Noticed Joseph
  8155 | D:7      | Killed Joseph
  8880 | D:8      | Reached *** piety under Okawaru
  9163 | D:7      | Reached skill level 10 in Short Blades
  9734 | D:8      | Received a gift from Okawaru
  9810 | D:8      | Noticed a two-headed ogre
  9830 | D:8      | Killed a two-headed ogre
 10194 | D:9      | Noticed Erica
 10214 | D:8      | Killed Erica
 10214 | D:8      | Reached XP level 11. HP: 32/64 MP: 4/11
 10683 | D:9      | Reached **** piety under Okawaru
 11000 | D:9      | Found a staircase to the Lair.
 11014 | D:9      | Found a basalt altar of Yredelemnul.
 11258 | D:9      | Noticed a two-headed ogre
 11555 | D:9      | Slain by a two-headed ogre

Skill      XL: |  1  2  3  4  5  6  7  8  9 10 11 |
---------------+----------------------------------+-----
Slings         | 6 7 8 9 10 11 12 | 12.0
Short Blades   | 1 2 3 6 8 11 12 | 12.2
Armour         | 1 2 3 5 7 |  7.6
Dodging        | 3 4 6 7 8 |  8.4
Fighting       | |  1.8
Stealth        | |  1.1

Action                   |  1- 3 |  4- 6 |  7- 9 | 10-12 || total
-------------------------+-------+-------+-------+-------++-------
Melee: Short sword       |       |       |    56 |   218 ||   274
       Punch             |       |       |       |     1 ||     1
 Fire: Hunting sling     |    90 |   204 |   633 |   348 ||  1275
Throw: Stone             |       |       |       |     2 ||     2
Invok: Heroism           |       |       |       |     1 ||     1
  Use: Scroll            |       |    12 |     8 |     2 ||    22
       Potion            |       |     2 |     5 |     8 ||    15
  Eat: Chunk             |       |     6 |    11 |    12 ||    29
       Ration            |       |       |     1 |       ||     1
Armor: Leather armour    |     5 |     8 |    49 |    44 ||   106
Dodge: Dodged            |    13 |    25 |   168 |   308 ||   514
